 Dungeon Crawl Stone Soup version 0.32-a0-981-g384da2ce10 (webtiles) character file.

Game seed: 4313286780862031266

535 trashops the Chopper (level 7, -5/59 HPs)
             Began as a Mountain Dwarf Fighter on Apr 20, 2024.
             Slain by an ice beast (7 damage)
             ... on level 5 of the Dungeon.
             The game lasted 00:05:13 (2832 turns).

trashops the Chopper (Mountain Dwarf Fighter)       Turns: 2832, Time: 00:05:14

Health: -5/59      AC: 12    Str: 21    XL:     7   Next: 4%
Magic:  7/7        EV:  8    Int:  8    God:
Gold:   137        SH:  4    Dex:  9    Spells: 6/6 levels left

rFire   . . .        a - +1 war axe (venom)
rCold   . . .        c - +0 buckler
rNeg    . . .        b - +2 scale mail
rPois   .            (no helmet)
rElec   .            u - +2 cloak
rCorr   .            (no gloves)
SInv    .            (no boots)
Will    .....        (no amulet) Stlth
                     (no ring)
HPRegen 0.29/turn    (no ring)
MPRegen 0.10/turn

%: no passive effects
@: no status effects
A: runic magic, artefact enchanting
a: no special abilities


You were on level 5 of the Dungeon.
You visited 2 branches of the dungeon, and saw 6 of its levels.

You collected 270 gold pieces.
You spent 133 gold pieces at shops.

Inventory:

Hand Weapons
 a - a +1 war axe of venom (weapon)
Armour
 b - a +2 scale mail (worn)
 c - a +0 buckler (worn)
 u - a +2 cloak (worn)
 y - an orb of mayhem
Jewellery
 i - a ring of positive energy
 m - an amulet of magic regeneration
Wands
 p - a wand of flame (11)
 s - a wand of polymorph (7)
Scrolls
 g - 2 scrolls of poison
 j - a scroll of vulnerability
 k - a scroll of identify
 r - a scroll of enchant armour
 v - a scroll of blinking {unknown}
 w - a scroll of immolation
Potions
 d - 2 potions of might
 e - 2 potions of cancellation
 f - a potion of magic
 h - 2 potions of heal wounds
 l - 2 potions of haste
 n - 4 potions of curing {unknown}
 o - 2 potions of enlightenment {unknown}
 q - a potion of degeneration {unknown}
 t - a potion of lignification {unknown}
 x - 2 potions of brilliance {unknown}


   Skills:
 + Level 4.2 Fighting
 * Level 7.6 Axes
 + Level 4.8 Armour
 + Level 3.7 Shields


You had 6 spell levels left.
You didn't know any spells.
Your spell library contained the following spells:

 Spells                   Type           Power      Damage    Failure   Level
 Sandblast                Erth           0%         2d4       56%         1
 Passwall                 Erth           0%         N/A       90%         3
 Stone Arrow              Conj/Erth      0%         3d7       90%         3
 Summon Blazeheart Golem  Fire/Summ      0%         N/A       100%        4
 Orb of Destruction       Conj           0%         9d5       100%        7
 Spellforged Servitor     Conj/Summ      0%         N/A       100%        7


Dungeon Overview and Level Annotations

Branches:
Dungeon (5/15)             Temple (1/1) D:4

Altars:
Ashenzari
Cheibriados
Dithmenos
Elyvilon
Fedhas
Hepliaklqana
Makhleb
Ru
Sif Muna
Uskayaw
Vehumet
Wu Jian
Xom
Yredelemnul
Zin
The Shining One

Shops:
D:2 ?


Innate Abilities, Weirdness & Mutations

Your spellcasting is much less encumbered by armour.
You can use scrolls of enchantment on lesser artefacts.


Message History

Unknown command.
You barely miss the ice beast.
The ice beast is lightly wounded.
An orc comes into view. It is wielding a +0 club.
The ice beast barely misses you.
The orc wizard hits you but does no damage.
The ice beast attacks as it pursues you!
The ice beast barely misses you. The orc barely misses you.
The ice beast hits you. The ice beast freezes you!
You slash the orc wizard!
The orc wizard is severely wounded.
You hit the orc. You closely miss the orc. You hit the ice beast.
You closely miss the ice beast. The orc barely misses you.
The orc wizard hits you but does no damage.
The orc barely misses you.
The ice beast hits you but does no damage.
The ice beast barely misses you.
The orc wizard casts a spell.
The orc wizard flickers and vanishes!
Deactivating autopickup; reactivate with Ctrl-A.
The ice beast hits you. The ice beast freezes you.
* * * LOW HITPOINT WARNING * * *
The ice beast barely misses you. Something hits you but does no damage.
The ice beast hits you.
* * * LOW HITPOINT WARNING * * *
The ice beast freezes you!
* * * LOW HITPOINT WARNING * * *
You barely miss something. You barely miss the ice beast.
You closely miss the orc. You block the orc's attack.
The ice beast barely misses you. Something hits you but does no damage.
The orc barely misses you.
You slash something!
Reactivating autopickup.
You feel a bit more experienced.
You hit the ice beast. x2
You barely miss the orc. You block the ice beast's attack.
The ice beast hits you but does no damage.
The orc closely misses you. The ice beast hits you.
* * * LOW HITPOINT WARNING * * *
The ice beast freezes you!
You die...

#. .. ##.###.
#..(#.. ..:.
.....).## .....
......... ......
........# .o....
........## ......
........o###......
....(..@Y.#.......
.......Yoo†o......
...###.J..........
.. ##.##........
....#........
.....#.........
...####.........
... #......... ..
..##......


You could see 2 ice beasts, a jelly and 4 orcs.

Vanquished Creatures
  A centaur (D:4)
  A scorpion (D:4)
  2 hounds
  Crazy Yiuf (D:3)
  A bombardier beetle (D:4)
  An iguana (D:4)
  A sleepcap (D:4)
  Jessica (D:2)
  Natasha (twice) (D:2)
  An orc wizard (D:5)
  7 adders
  2 ribbon worms (D:2)
  2 dart slugs
  2 orcs
  8 ball pythons
  8 endoplasms
  7 giant cockroaches
  5 goblins
  9 hobgoblins
  3 quokkas
  2 frilled lizards (D:2)
  6 kobolds
  10 rats
83 creatures vanquished.

Notes
Turn   | Place    | Note
-------+----------+-------------------------------------------
     0 | D:1      | trashops the Mountain Dwarf Fighter began the quest for the
                  | Orb.
     0 | D:1      | Reached XP level 1. HP: 19/19 MP: 1/1
   297 | D:1      | Reached XP level 2. HP: 26/26 MP: 2/2
   606 | D:1      | Reached skill level 3 in Axes
   817 | D:2      | Reached XP level 3. HP: 25/31 MP: 3/3
  1075 | D:2      | Noticed Jessica
  1084 | D:2      | Killed Jessica
  1085 | D:2      | Reached skill level 4 in Axes
  1085 | D:2      | Reached XP level 4. HP: 34/40 MP: 4/4
  1217 | D:2      | Found Souv's Magic Scroll Shoppe.
  1222 | D:2      | Bought a scroll of brand weapon for 133 gold pieces
  1243 | D:2      | Noticed Natasha
  1247 | D:2      | Killed Natasha
  1359 | D:2      | Noticed Natasha
  1368 | D:2      | Killed Natasha
  1369 | D:2      | Reached skill level 5 in Axes
  1369 | D:2      | Reached XP level 5. HP: 35/46 MP: 5/5
  1564 | D:3      | Found a runed translucent door.
  1565 | D:3      | Noticed Crazy Yiuf
  1954 | D:3      | Killed Crazy Yiuf
  2002 | D:4      | Reached skill level 6 in Axes
  2114 | D:4      | Reached XP level 6. HP: 45/52 MP: 6/6
  2173 | D:4      | Found a staircase to the Ecumenical Temple.
  2193 | Temple   | Entered the Ecumenical Temple
  2298 | D:4      | Reached skill level 7 in Axes
  2809 | D:5      | Entered Level 5 of the Dungeon
  2820 | D:5      | Noticed an ice beast
  2822 | D:5      | Reached XP level 7. HP: 54/59 MP: 7/7
  2830 | D:5      | HP: 2/59 [ice beast (14)]
  2832 | D:5      | Slain by an ice beast

Illustrated notes

Levels and vault maps discovered:
D:1:      elethiomel_arrival_maze, layout_loops_ring, serial_rivers,
          chequers_serial_rivers_micro_a, chequers_serial_rivers_small_b,
          chequers_serial_rivers_room_b, chequers_serial_rivers_micro_d,
          chequers_serial_rivers_micro_e
D:2:      layout_rooms, serial_shops, shop, minmay_joined_circles, uniq_natasha,
          uniq_jessica
D:3:      layout_rooms, chequers_decorated_corner, uniq_crazy_yiuf_cottage
D:4:      layout_basic, temple_fountains
D:5:      layout_cave_pools, grunt_temple_overflow_open
Temple:   nicolae_temple_x_marks_the_god

Skill      XL: |  1  2  3  4  5  6 |
---------------+-------------------+-----
Axes           | 3 4 5 6 7 |  7.6
Armour         | 4 |  4.8
Fighting       | 4 |  4.2
Shields        | |  3.7

Action                     |  1- 3 |  4- 6 |  7- 9 || total
---------------------------+-------+-------+-------++-------
  Melee: War axe           |   113 |   109 |     7 ||   229
    Use: Scroll            |     4 |    10 |       ||    14
 Armour: Scale mail        |   106 |   101 |    12 ||   219
  Dodge: Dodged            |    43 |    50 |    11 ||   104
  Block: Buckler           |    14 |    13 |     2 ||    29

Table legend: (Time is in decaauts)
 A = Elapsed time spent in this place.
 B = Non-inter-level travel time spent in this place.
 C = Inter-level travel time spent in this place.
 D = Time resting spent in this place.
 E = Time spent auto-exploring this place.
 F = Levels seen in this place.
 G = Mean time per level.
                   A        B        C        D        E       F      G
               +--------+--------+--------+--------+--------+-----+--------+
         Total |   2912 |   2855 |     57 |      0 |   2260 |   6 |  485.3 |
       Dungeon |   2900 |   2843 |     57 |      0 |   2260 |   5 |  580.0 |
        Temple |     11 |     11 |      0 |      0 |      0 |   1 |   11.0 |
               +--------+--------+--------+--------+--------+-----+--------+

Top non-repeatable levels by time:
     D:1: 817 daAuts
     D:4: 815 daAuts
     D:2: 713 daAuts
     D:3: 528 daAuts
     D:5: 24 daAuts
  Temple: 11 daAuts
